 Dungeon Crawl Stone Soup version 0.23.0 (webtiles) character file.

Game seed: 3537552337035479876

202 PentaManta the Covert (level 5, -2/39 HPs)
             Began as a Spriggan Assassin on Feb 17, 2019.
             Killed from afar by an orc wizard (7 damage)
             ... with a magic dart
             ... on level 3 of the Dungeon.
             The game lasted 00:11:54 (2312 turns).

PentaManta the Covert (Spriggan Assassin)           Turns: 2312, Time: 00:11:55

Health: -2/39      AC: 22    Str:  7    XL:     5   Next: 50%
Magic:  6/6        EV:  4    Int: 13    God:
Gold:   59         SH:  0    Dex: 18    Spells: 4/4 levels left

rFire    . . .     SeeInvis +   a - +2 dagger
rCold    . . .     Gourm    .   (shield restricted)
rNeg     + + +     Faith    .   (armour currently unavailable)
rPois    +         Spirit   .   (helmet currently unavailable)
rElec    .         Reflect  .   (cloak currently unavailable)
rCorr    .         Harm     .   (gloves unavailable)
MR       .....     NoTele   +   (boots unavailable)
Stlth    ++++......             (no amulet)
HPRegen  0.13/turn              (no ring)
MPRegen  0.10/turn              (no ring)

@: tree-form (expiring)
A: very small, unfitting armour, see invisible, herbivore, slow metabolism 2
a: no special abilities


You were on level 3 of the Dungeon.
You were not hungry.
You were a tree.
You visited 1 branch of the dungeon, and saw 3 of its levels.

You collected 59 gold pieces.

Inventory:

Hand Weapons
 a - a +2 dagger (weapon)
 b - a +0 blowgun
Missiles
 e - 22 poisoned needles
 f - 2 curare-tipped needles
Armour
 c - a +0 robe (melded)
 d - a +0 cloak (melded)
Jewellery
 n - an uncursed amulet of regeneration {unknown}
 v - an uncursed amulet of regeneration {unknown}
Scrolls
 h - 3 scrolls of enchant armour {unknown}
 j - a scroll of amnesia {unknown}
 l - 2 scrolls of blinking {unknown}
 m - a scroll of noise {unknown}
 q - 2 scrolls of enchant weapon {unknown}
 r - a scroll of remove curse {unknown}
 s - 2 scrolls of teleportation {unknown}
 t - a scroll of random uselessness {unknown}
 u - 2 scrolls of identify {unknown}
 w - a scroll of fog {unknown}
 x - a scroll of immolation {unknown}
Potions
 k - a potion of flight {unknown}
 o - a potion of degeneration {unknown}
 p - a potion of brilliance {unknown}
Comestibles
 g - 3 rations


   Skills:
 + Level 1.7 Fighting
 + Level 3.2 Short Blades
 - Level 2.0 Throwing
 * Level 3.2 Dodging
 - Level 9.1 Stealth


You had 4 spell levels left.
You didn't know any spells.
Your spell library was empty.

Dungeon Overview and Level Annotations

Branches:
Dungeon (3/15)

Altars:
Ru
Zin


Innate Abilities, Weirdness & Mutations

You are very small and have problems with some larger weapons.
You are too small for most types of armour.
You have supernaturally acute eyesight. (SInv)
You are a herbivore.
((You cover ground extremely quickly.))
You need to consume almost no food.


Message History

The orc wizard points at you and mumbles some strange words.
The magic dart hits you.
* * * LOW HITPOINT WARNING * * *
You hit the orc wizard.
The orc wizard is severely wounded.
The orc wizard hits you but does no damage.
You closely miss the orc wizard.
The orc wizard is severely wounded.
The orc wizard barely misses you.
You hit the orc wizard but do no damage.
The orc wizard is severely wounded.
The orc wizard hits you but does no damage.
You barely miss the orc wizard.
The orc wizard is severely wounded.
You hit the orc wizard.
The orc wizard is almost dead.
Your transformation is almost over.
The orc wizard casts a spell at you. The magic dart hits you!
You die...

### #.# #.# #
#########.########.##############
..........#....o♣)....#P^PPP#.[..
#########.#.###########P..PP#####
#########.#.# #^._..#....
..........#.# #.^P.P###.#
....[.....#.####### #P.^..###.#
.........>........# ###.####..#
.............####.#######.P#.#..#
.......................#P..#.#..#
#####.......####......##.###...##


You could see an orc wizard.

Vanquished Creatures
  An ogre (D:2)
  3 gnolls (D:3)
  2 adders (D:2)
  A worm (D:2)
  4 dart slugs
  3 leopard geckos
  3 orcs (D:3)
  A giant cockroach (D:2)
  8 goblins
  10 hobgoblins
  2 quokkas (D:3)
  A ball python (D:1)
  6 bats
  5 frilled lizards
  3 kobolds
  7 rats
60 creatures vanquished.

Notes
Turn   | Place    | Note
-------+----------+-------------------------------------------
     0 | D:1      | PentaManta the Spriggan Assassin began the quest for the
                  | Orb.
     0 | D:1      | Reached XP level 1. HP: 10/10 MP: 2/2
   157 | D:1      | Reached XP level 2. HP: 14/14 MP: 3/3
   458 | D:1      | Reached skill level 6 in Stealth
   745 | D:2      | Noticed a centaur
   781 | D:2      | Reached XP level 3. HP: 16/18 MP: 4/4
  1030 | D:2      | Noticed an ogre
  1066 | D:2      | Killed an ogre
  1066 | D:2      | Reached skill level 8 in Stealth
  1066 | D:2      | Reached XP level 4. HP: 20/22 MP: 5/5
  1136 | D:2      | Reached XP level 5. HP: 18/25 MP: 6/6
  1228 | D:2      | Reached skill level 9 in Stealth
  2060 | D:3      | Found a glowing silver altar of Zin.
  2246 | D:3      | Found a sacrificial altar of Ru.
  2312 | D:3      | Killed from afar by an orc wizard

Skill      XL: |  1  2  3  4  5 |
---------------+----------------+-----
Dodging        | 2 3 |  3.2
Short Blades   | 3 |  3.2
Stealth        | 6 8 9 |  9.1
Fighting       | |  1.7
Throwing       | |  2.0

Action                   |  1- 3 |  4- 6 || total
-------------------------+-------+-------++-------
Melee: Dagger            |    82 |   110 ||   192
       Blowgun           |     2 |       ||     2
 Fire: Blowgun           |     6 |    23 ||    29
  Use: Potion            |       |     1 ||     1
 Stab: Sleeping          |    10 |    10 ||    20
Armor: Robe              |    12 |    13 ||    25
       Skin              |       |    10 ||    10
Dodge: Dodged            |    62 |    60 ||   122
